 Dungeon Crawl Stone Soup version 0.30-a0-1116-gebefce21f7 (webtiles) character file.

Game seed: 3813646678206929819

18027 jasper the Blocker (level 12, -3/126 HPs)
             Began as an Ogre Air Elementalist on Apr 22, 2023.
             Was an Elder of Vehumet.
             Hit by a silver javelin thrown by a minotaur (5 damage)
             ... in a Gauntlet.
             The game lasted 00:22:11 (13383 turns).

jasper the Blocker (Ogre Air Elementalist)         Turns: 13383, Time: 00:22:11

Health: -3/126     AC:  6    Str: 12    XL:     12   Next: 54%
Magic:  25/25      EV:  7    Int: 28    God:    Vehumet [****..]
Gold:   497        SH: 16    Dex:  9    Spells: 6/29 levels left

rFire   + + +      SeeInvis .    I - +1 trident of the Skies Above {protect, Fly rCorr Str-5 Stlth+}
rCold   . . .      Faith    .    l - +1 tower shield
rNeg    . . .      Spirit   .    y - +0 robe of the Nice God {*Corrode rElec Str+2 Slay+3}
rPois   .          Reflect  .    D - +2 hat "Zisumn" {Drain rF+++ Regen+ Int-4}
rElec   +          Rampage  .    U - +0 cloak
rCorr   +          NoTele   +    (gloves unavailable)
Will    +....                    (boots unavailable)
Stlth   ++                       p - amulet of magic regeneration
HPRegen 1.21/turn                h - +6 ring of intelligence
MPRegen 0.59/turn                X - +6 ring of intelligence

@: flying
A: large, unfitting armour, tough skin 1
a: Renounce Religion


You were in a Gauntlet.
You worshipped Vehumet.
Vehumet was greatly pleased with you.
You visited 2 branches of the dungeon, and saw 12 of its levels.
You also visited: Gauntlet.

You collected 952 gold pieces.
You spent 455 gold pieces at shops.

Inventory:

Hand Weapons
 b - a +1 trident of draining
 f - a +0 spear
 C - a +3 trident
 I - the +1 trident of the Skies Above (weapon) {protect, Fly rCorr Str-5 Stlth+}
   (You took it off a kobold on level 7 of the Dungeon)

   Str:       It affects your strength (-5).
   Fly:       It grants you flight.
   rCorr:     It protects you from acid and corrosion.
   Stlth:     It makes you more stealthy.
Missiles
 k - 5 curare-tipped darts
 J - 25 poisoned darts
 L - a throwing net
Armour
 a - a +0 robe
 g - an orb of light
 l - a +1 tower shield (worn)
 y - the +0 robe of the Nice God (worn) {*Corrode rElec Str+2 Slay+3}
   (You found it on level 5 of the Dungeon)

   Str:       It affects your strength (+2).
   Slay:      It affects your accuracy & damage with ranged weapons and melee
   (+3).
   rElec:     It insulates you from electricity.
   *Corrode:  It may corrode you when you take damage.
 D - the +2 hat "Zisumn" (worn) {Drain rF+++ Regen+ Int-4}
   (You found it in a Gauntlet)

   Int:       It affects your intelligence (-4).
   rF:        It renders you almost immune to fire.
   Regen:     It increases your rate of health regeneration.
   Drain:     It drains your maximum health when unequipped.
 O - a +0 troll leather armour
 S - a scarf of shadows
 U - a +0 cloak (worn)
Jewellery
 h - a +6 ring of intelligence (left hand)
 n - an amulet of regeneration
 p - an amulet of magic regeneration (around neck)
 q - a ring of see invisible
 x - an amulet of reflection
 F - a ring of poison resistance
 G - an amulet of the acrobat
 K - a ring of resist corrosion
 R - a ring of protection from cold
 V - a +6 ring of intelligence
 X - a +6 ring of intelligence (right hand)
Wands
 v - a wand of flame (28)
 B - a wand of acid (17)
Scrolls
 d - 2 scrolls of enchant armour
 m - 4 scrolls of teleportation
 o - a scroll of blinking
 t - 2 scrolls of enchant weapon
 u - a scroll of noise
 w - 3 scrolls of immolation
 H - 3 scrolls of fog
 M - a scroll of poison
 Q - a scroll of fear
 T - a scroll of silence
 W - 2 scrolls of summoning
Potions
 c - a potion of flight
 e - 2 potions of invisibility
 i - 2 potions of attraction
 j - 5 potions of mutation
 s - 3 potions of cancellation
 z - 12 potions of curing
 A - 4 potions of brilliance
 E - 3 potions of degeneration
 N - a potion of magic
 P - 3 potions of lignification


   Skills:
 - Level 10.0 Fighting
 - Level 1.7 Dodging
 - Level 1.4 Stealth
 + Level 11.7 Shields
 - Level 9.0 Spellcasting
 - Level 7.0 Conjurations
 - Level 2.0 Hexes
 - Level 5.0 Ice Magic
 - Level 8.0 Air Magic


You had 6 spell levels left.
You knew the following spells:

 Your Spells              Type           Power      Damage    Failure   Level
a - Shock                 Conj/Air       100%       1d9       1%          1
b - Static Discharge      Conj/Air       100%       2-7/arc   1%          2
c - Swiftness             Air            55%        N/A       1%          3
d - Mephitic Cloud        Conj/Pois/Air  40%        N/A       1%          3
e - Airstrike             Air            27%        2d(4-20)  1%          4
f - Freezing Cloud        Conj/Ice/Air   24%        6-21      8%          5
g - Fulminant Prism       Conj/Hex       18%        3d11      7%          4
h - Apportation           Tloc           24%        N/A       16%         1

Your spell library contained the following spells:

 Spells                   Type           Power      Damage    Failure   Level
 Lee's Rapid Deconstruct  Erth           6%         3d6*      69%         5
 Magic Dart               Conj           100%       1d8       1%          1
 Poisonous Vapours        Pois/Air       70%        N/A       1%          2
 Searing Ray              Conj           100%       2d8       1%          2
 Necrotise                Necr           48%        1d6       16%         1
 Summon Small Mammal      Summ           48%        N/A       16%         1
 Tukima's Dance           Hex            23%        N/A       21%         3
 Irradiate                Conj/Tmut      16%        3d17      26%         5
 Yara's Violent Unravell  Hex/Tmut       9%         3d6       54%         5
 Cause Fear               Hex            11%        N/A       56%         4
 Passage of Golubria      Tloc           12%        N/A       83%         4
 Blade Hands              Tmut           6%         N/A       99%         5
 Dragon Form              Tmut           6%         N/A       100%        7
 Dragon's Call            Summ           6%         N/A       100%        9


Dungeon Overview and Level Annotations

Branches:
Dungeon (11/15)            Temple (0/1) D:6            Lair (1/5) D:8
    Orc (0/2) D:11        Gauntlet (1/1)

Altars:
Dithmenos
Hepliaklqana
Kikubaaqudgha
Makhleb
Nemelex Xobeh
Ru
Sif Muna
Trog
Uskayaw
Vehumet
Xom
Zin
The Shining One

Shops:
D:1 (   D:10 *

Annotations:
D:9 2 transporters, dacat99's ghost, novice MiFi Gauntlet 6 transporters, 1 runed translucent door


Innate Abilities, Weirdness & Mutations

You are too large for most types of armour.
You have tough skin. (AC +1)


Message History

Press: ? - help, Dir - move target That beam is likely to hit you.
Continue anyway?
You are engulfed in freezing vapours.
You take 22 damage, and have 104/126 hp.
You now have 21/25 mp.
You are engulfed in freezing vapours.
You take 15 damage, and have 89/126 hp.
You are engulfed in freezing vapours.
The minotaur is engulfed in freezing vapours.
The minotaur hits you!! The minotaur barely misses you.
You take 43 damage, and have 46/126 hp.
MASSIVE DAMAGE!!
You are engulfed in freezing vapours.
* * * LOW HITPOINT WARNING * * *
The minotaur is engulfed in freezing vapours.
You block the minotaur's attack. The minotaur gores you.
* * * LOW HITPOINT WARNING * * *
You take 23 damage, and have 23/126 hp.
The minotaur attacks as you move away! The minotaur completely misses you.
The minotaur gores you!
* * * LOW HITPOINT WARNING * * *
The minotaur is engulfed in freezing vapours.
You take 12 damage, and have 11/126 hp.
You feel much better.
The minotaur is engulfed in freezing vapours.
The minotaur hits you!!
* * * LOW HITPOINT WARNING * * *
You block the minotaur's attack.
You regained 5 hp, and now have 16/126 hp.
Blink to where?
Press: ? - help, Dir - move target
As you read the scroll of blinking, it crumbles to dust.
As you read the scroll of summoning, it crumbles to dust.
Wisps of shadow whirl around you...
The minotaur throws a silver javelin.
The silver javelin pierces through your ufetubus!!
Your ufetubus dies!
Your ufetubus dissolves into shadows!
The silver javelin pierces through your moth of wrath!!
The silver javelin pierces through you!
* * * LOW HITPOINT WARNING * * *
You die...

##.#...... #.H# ##.##
#.## ### #.# #.# #.# #.#
#.# #.# #.# #.#
#y###########.#
#@.3..........#
#######.########
................
⌠.⌠.⌠.©.©.⌠.⌠.⌠.
................ ###
################# #
##≈###≈###.......###≈###
#≈≈≈#≈≈≈#..∩.⌠.∩..#≈≈≈#≈
##≈.....................


You could see a minotaur (ally target), a friendly moth of wrath (summoned) and
a friendly ynoxinul (summoned).

Vanquished Creatures
  A centaur warrior (D:11)
  3 two-headed ogres
  2 boulder beetles (D:11)
  A tengu warrior (Gauntlet)
  A fire crab (Gauntlet)
  A sixfirhy (Gauntlet)
  Pikel (D:4)
  An ugly thing (D:11)
  A cyclops (D:8)
  Maurice (D:9)
  A gargoyle (D:11)
  Joseph (D:10)
  An unseen horror (D:11)
  2 tengu conjurers (Gauntlet)
  A komodo dragon (D:10)
  7 trolls
  6 fire bats (Gauntlet)
  5 yaks (D:8)
  2 wraiths
  3 steam dragons
  10 vampire mosquitoes
  A warg (D:11)
  A hell hound (Gauntlet)
  3 orc warriors
  A black bear (D:8)
  4 ice beasts
  3 sky beasts
  3 ogres
  4 centaurs
  A phantom (D:5)
  Blork the orc (D:5)
  2 kobold brigands
  A gnoll sergeant (D:6)
  3 bullfrogs (D:8)
  4 scorpions
  11 wights
  5 killer bees
  2 electric eels (D:9)
  3 howler monkeys
  4 jellies
  2 orc priests
  2 gnoll boudas
  4 hounds
  14 orc wizards
  5 iguanas
  12 gnolls
  9 adders
  5 ufetubi
  4 worms
  4 dart slugs
  32 orcs
  An endoplasm (D:4)
  6 giant cockroaches
  10 goblins
  7 hobgoblins
  2 jackals (D:3)
  3 quokkas
  10 ball pythons
  5 bats
  5 frilled lizards
  21 kobolds
  A rat (D:2)
273 creatures vanquished.

Vanquished Creatures (others)
  5 fulminant prisms
  10 fungi (D:8)
  46 plants
61 creatures vanquished.

Grand Total: 334 creatures vanquished

Notes
Turn   | Place    | Note
-------+----------+-------------------------------------------
     0 | D:1      | jasper the Ogre Air Elementalist began the quest for the
                  | Orb.
     0 | D:1      | Reached XP level 1. HP: 16/16 MP: 3/3
    83 | D:1      | Reached skill level 1 in Conjurations
   173 | D:1      | Reached XP level 2. HP: 18/24 MP: 1/5
   176 | D:1      | Learned a level 2 spell: Static Discharge
   291 | D:1      | Found Isutwul's Antique Weapon Shop.
   445 | D:1      | Reached XP level 3. HP: 3/31 MP: 1/7
   449 | D:1      | Learned a level 3 spell: Swiftness
  1585 | D:2      | Reached XP level 4. HP: 39/39 MP: 3/9
  1882 | D:2      | Learned a level 3 spell: Mephitic Cloud
  2109 | D:2      | Found a faded altar of an unknown god.
  2109 | D:2      | Noticed a Brimstone Fiend
  2349 | D:3      | Noticed a sky beast
  2368 | D:3      | Killed a sky beast
  2369 | D:3      | Reached XP level 5. HP: 41/45 MP: 6/11
  3191 | D:4      | Reached XP level 6. HP: 17/53 MP: 9/12
  3470 | D:4      | Learned a level 4 spell: Airstrike
  3750 | D:4      | Found an ancient bone altar of Kikubaaqudgha.
  3777 | D:4      | Found a radiant altar of Vehumet.
  3783 | D:4      | Became a worshipper of Vehumet
  3803 | D:4      | Found a shimmering blue altar of Sif Muna.
  3934 | D:4      | Reached skill level 5 in Spellcasting
  3934 | D:4      | Reached XP level 7. HP: 46/59 MP: 2/14
  4030 | D:4      | Reached skill level 5 in Air Magic
  4385 | D:4      | Noticed Pikel
  4395 | D:4      | Killed Pikel
  4396 | D:4      | Reached skill level 5 in Conjurations
  4396 | D:4      | Reached XP level 8. HP: 62/67 MP: 10/17
  4402 | D:4      | Learned a level 5 spell: Freezing Cloud
  4441 | D:5      | Entered Level 5 of the Dungeon
  4525 | D:5      | Reached skill level 1 in Ice Magic
  4737 | D:5      | Found a hazy altar of Hepliaklqana.
  4796 | D:5      | Reached XP level 9. HP: 70/74 MP: 13/19
  4822 | D:5      | Noticed Blork the orc
  4830 | D:5      | Killed Blork the orc
  4978 | D:5      | Reached * piety under Vehumet
  4978 | D:5      | Offered knowledge of Sandblast by Vehumet.
  5245 | D:5      | Identified the +0 robe of the Nice God {*Corrode rElec
                  | Str+2 Slay+3}
  5836 | D:6      | Found a staircase to the Ecumenical Temple.
  5865 | D:6      | Found a bloodstained altar of Trog.
  6325 | D:7      | Offered knowledge of Scorch by Vehumet.
  6375 | D:7      | Reached ** piety under Vehumet
  6431 | D:7      | Identified the +1 trident of the Skies Above {protect, Fly
                  | rCorr Str-5 Stlth+}
  6879 | D:7      | Found a burning altar of Makhleb.
  7320 | D:8      | Reached XP level 10. HP: 21/79 MP: 18/22
  7750 | D:8      | HP: 4/81 [/static electricity (2)]
  7754 | D:8      | Offered knowledge of Stone Arrow by Vehumet.
  8059 | D:8      | Found a staircase to the Lair.
  8368 | D:8      | Learned a level 4 spell: Fulminant Prism
  8479 | D:8      | Reached skill level 1 in Hexes
  8479 | D:8      | Reached skill level 5 in Ice Magic
  8482 | D:8      | Reached skill level 1 in Shields
  8531 | D:8      | Noticed a cyclops
  8536 | D:8      | Killed a cyclops
  8536 | D:8      | Reached *** piety under Vehumet
  8537 | D:8      | Reached skill level 2 in Shields
  8823 | D:9      | Reached skill level 3 in Shields
  8824 | D:9      | Noticed Maurice
  8914 | D:9      | Learned a level 1 spell: Apportation
  8932 | D:9      | Found a transporter.
  8932 | D:9      | Noticed a moth of wrath
  9004 | D:9      | Found a glowing silver altar of Zin.
  9041 | D:9      | Found a transporter.
  9077 | D:9      | Noticed dacat99's ghost (novice MiFi)
  9145 | D:9      | Reached skill level 5 in Fighting
  9192 | D:9      | Noticed a two-headed ogre
  9196 | D:9      | Killed a two-headed ogre
  9197 | D:9      | Reached skill level 4 in Shields
  9197 | D:9      | Reached XP level 11. HP: 99/105 MP: 11/24
  9216 | D:9      | Offered knowledge of Sticky Flame by Vehumet.
  9356 | D:9      | Found a glowing golden altar of the Shining One.
  9356 | D:9      | Found a shimmering altar of Xom.
  9357 | D:9      | Found a shadowy altar of Dithmenos.
  9368 | D:9      | Killed Maurice
  9369 | D:9      | Reached skill level 5 in Shields
  9450 | D:9      | Found a sacrificial altar of Ru.
  9616 | D:9      | Found a hide-covered altar of Uskayaw.
  9617 | D:9      | Found a sparkling altar of Nemelex Xobeh.
  9640 | D:10     | Entered Level 10 of the Dungeon
  9665 | D:10     | Noticed Joseph
  9675 | D:10     | Killed Joseph
  9803 | D:10     | Found Coit's Assorted Antiques.
  9846 | D:10     | Bought a potion of curing for 105 gold pieces
  9846 | D:10     | Bought 2 potions of curing for 210 gold pieces
  9846 | D:10     | Bought a scroll of immolation for 140 gold pieces
  9865 | D:10     | Noticed a two-headed ogre
  9873 | D:10     | Reached skill level 6 in Shields
  9877 | D:10     | Killed a two-headed ogre
  9879 | D:10     | Reached **** piety under Vehumet
 11007 | D:11     | Noticed a cyan ugly thing
 11018 | D:11     | Killed a cyan ugly thing
 11019 | D:11     | Reached skill level 7 in Shields
 11170 | D:11     | Noticed a boulder beetle
 11179 | D:11     | Killed a boulder beetle
 11180 | D:11     | Reached skill level 10 in Fighting
 11423 | D:11     | Noticed a two-headed ogre
 11427 | D:11     | Killed a two-headed ogre
 11428 | D:11     | Reached skill level 8 in Shields
 11429 | D:11     | Noticed a boulder beetle
 11442 | D:11     | Killed a boulder beetle
 11443 | D:11     | Reached XP level 12. HP: 92/126 MP: 16/25
 11469 | D:11     | Reached skill level 9 in Shields
 11631 | D:11     | Noticed a centaur warrior
 11634 | D:11     | Killed a centaur warrior
 11834 | D:11     | Offered knowledge of Lee's Rapid Deconstruction by Vehumet.
 11850 | D:11     | Reached skill level 10 in Shields
 11893 | D:11     | Found a staircase to the Orcish Mines.
 12520 | Lair:1   | Entered Level 1 of the Lair of Beasts
 12520 | Lair:1   | Found a gate leading to a gauntlet.
 12525 | Gauntlet | Entered a Gauntlet
 12525 | Gauntlet | Found a transporter.
 12525 | Gauntlet | Found a transporter.
 12544 | Gauntlet | Found a transporter.
 12550 | Gauntlet | Noticed a tengu warrior
 12552 | Gauntlet | Found a transporter.
 12556 | Gauntlet | Found a transporter.
 12560 | Gauntlet | Found a runed translucent door.
 12562 | Gauntlet | Found a runed translucent door.
 12564 | Gauntlet | Found a transporter.
 12584 | Gauntlet | Found a transporter.
 12601 | Gauntlet | Found a transporter.
 12605 | Gauntlet | Found a transporter.
 12613 | Gauntlet | Found a transporter.
 12617 | Gauntlet | Found a transporter.
 12644 | Gauntlet | Found a transporter.
 12935 | Gauntlet | Killed a tengu warrior
 12936 | Gauntlet | Reached skill level 11 in Shields
 13134 | Gauntlet | Identified the +2 hat "Zisumn" {Drain rF+++ Regen+ Int-4}
 13375 | Gauntlet | Noticed a minotaur
 13383 | Gauntlet | HP: 2/126 [minotaur/silver javelin (16)]
 13383 | Gauntlet | Hit by a silver javelin thrown by a minotaur

Illustrated notes

Levels and vault maps discovered:
D:1:      ncdulo_wetmaze, layout_basic, serial_shops, shop_statue,
          minmay_misc_feat_roman
D:2:      layout_rooms, dreamdust_ecumenical_altar_sealed_demon
D:3:      wad_pebble_path, layout_basic, serial_glass, glass_columns_a,
          glass_columns_a
D:4:      cheibrodos_quashed, layout_loops_ring, palyth_temple_overflow_mages,
          minmay_joined_circles, uniq_pikel
D:5:      layout_cave_pods, nicolae_hepliaklqana_hazy_memory,
          serial_column_ruins, column_ruins_hut_ruined,
          column_ruins_hut_pillars, column_ruins_grid_1,
          column_ruins_open_small, column_ruins_open_tiny,
          column_ruins_corridor_corner, column_ruins_open_tiny,
          column_ruins_grid_4, grunt_ministairs_12, uniq_blork_the_orc
D:6:      layout_basic, bloody_trog, minmay_temple_entry_overgrown
D:7:      layout_basic, mainiacjoe_overflow_tiny_flanked
D:8:      layout_basic, grunt_lair_entry_orc_guard_hut,
          nicolae_concentric_dashed_squares_wild, kennysheep_minor_cross
D:9:      layout_cave_pools, lemuel_doored_altar,
          gammafunk_temple_overflow_claw, minitemple, serial_bayou,
          serial_bayou_pond_b, serial_bayou_pond_a, serial_bayou_lagoon_a,
          serial_bayou_shore_b, gammafunk_ghost_berserking_beasts, uniq_maurice
D:10:     layout_irregular_city, serial_shops, shop_coins,
          chequers_serial_rivers_marsh, uniq_joseph
D:11:     layout_loops_corners, david_orc_3, minmay_bent
Lair:1:   layout_regular_city, gauntlet_entry_generic, lemuel_fruit_fields,
          uniq_amaemon
Gauntlet: minmay_gauntlet_77_indecision [minmay_gauntlet_arena_77_checkered,
          minmay_gauntlet_arena_77_radiant_squares,
          minmay_gauntlet_arena_77_hold_the_fort,
          minmay_gauntlet_arena_77_terracotta_army,
          minmay_gauntlet_arena_77_mess, minmay_gauntlet_arena_77_cramped,
          dreamdust_gauntlet_exit_labyrinth]

Skill      XL: |  1  2  3  4  5  6  7  8  9 10 11 12 |
---------------+-------------------------------------+-----
Conjurations   | 1 2 3 5 6 7 |  7.0
Air Magic      | 3 4 5 6 7 8 |  8.0
Spellcasting   | 3 4 5 6 7 8 9 |  9.0
Ice Magic      | 2 4 5 |  5.0
Hexes          | 2 |  2.0
Fighting       | 6 10 | 10.0
Shields        | 4 8 11 | 11.7
Dodging        | |  1.7
Stealth        | |  1.4

Action                     |  1- 3 |  4- 6 |  7- 9 | 10-12 || total
---------------------------+-------+-------+-------+-------++-------
  Melee: Spear             |    21 |       |       |       ||    21
         Trident           |       |    14 |    12 |    34 ||    60
  Throw: Dart              |       |       |     2 |       ||     2
   Cast: Shock             |    57 |    94 |   193 |   137 ||   481
         Static Discharge  |       |    15 |    46 |    69 ||   130
         Mephitic Cloud    |       |     1 |       |       ||     1
         Freezing Cloud    |       |       |     2 |    50 ||    52
         Airstrike         |       |       |     1 |    23 ||    24
         Fulminant Prism   |       |       |       |     5 ||     5
  Evoke: Wand              |       |       |       |     6 ||     6
    Use: Potion            |     1 |       |     2 |     7 ||    10
         Scroll            |       |     9 |     3 |    15 ||    27
   Stab: Confused          |       |     1 |       |       ||     1
 Armour: Robe              |    10 |    12 |     4 |    41 ||    67
  Dodge: Dodged            |    21 |    18 |    23 |    56 ||   118
  Block: Tower shield      |       |       |       |    55 ||    55

Table legend: (Time is in decaauts)
 A = Elapsed time spent in this place.
 B = Non-inter-level travel time spent in this place.
 C = Inter-level travel time spent in this place.
 D = Time resting spent in this place.
 E = Time spent auto-exploring this place.
 F = Levels seen in this place.
 G = Mean time per level.
                   A        B        C        D        E       F      G
               +--------+--------+--------+--------+--------+-----+--------+
         Total |  13426 |  12998 |    428 |   1119 |  10187 |  13 | 1032.8 |
       Dungeon |  12558 |  12130 |    428 |    554 |  10047 |  11 | 1141.6 |
          Lair |      4 |      4 |      0 |      0 |      0 |   1 |    4.0 |
      Gauntlet |    862 |    862 |      0 |    565 |    140 |   1 |  862.0 |
               +--------+--------+--------+--------+--------+-----+--------+

Top non-repeatable levels by time:
    D:11: 1647 daAuts
     D:8: 1618 daAuts
     D:1: 1490 daAuts
     D:4: 1272 daAuts
    D:10: 1190 daAuts
     D:5: 1076 daAuts
     D:3: 1006 daAuts
     D:7: 988 daAuts
Gauntlet: 862 daAuts
     D:6: 795 daAuts
     D:9: 782 daAuts
     D:2: 690 daAuts
  Lair:1: 4 daAuts
